 Dungeon Crawl Stone Soup version 0.19.5 (webtiles) character file.

1926 Rrauwl the Cleaver (level 9, 0/76 (77) HPs)
             Began as a Hill Orc Fighter on Mar 12, 2017.
             Slain by an orc warrior
             ... wielding a +0 flail
              (7 damage)
             ... on level 6 of the Dungeon.
             The game lasted 00:26:14 (5564 turns).

Rrauwl the Cleaver (Hill Orc Fighter)               Turns: 5564, Time: 00:26:20

HP:   0/76 (77)     AC: 11    Str: 19    XL:     9   Next: 17%
MP:   3/9           EV:  8    Int:  9    God:
Gold: 268           SH: 11    Dex: 10    Spells: 0 memorised, 8 levels left

rFire  . . .     SeeInvis .     a - +0 war axe
rCold  . . .     Gourm    .     b - +0 scale mail
rNeg   . . .     Faith    .     c - +1 shield
rPois  .         Spirit   .     u - +0 helmet
rElec  .         Reflect  .     r - +0 cloak
rCorr  .         Harm     .     (no gloves)
MR     .....                    g - +0 pair of boots
Stlth  ..........               k - amulet of magic regeneration
                                (no ring)
                                (no ring)

@: no status effects
A: dopey 1, subdued magic 1, MP-powered wands
a: no special abilities


You were on level 6 of the Dungeon.
You were very hungry.

You visited 1 branch of the dungeon, and saw 6 of its levels.

You collected 268 gold pieces.

Inventory:

Hand Weapons
 a - a +0 war axe (weapon)
 j - a +1 flail of protection
Armour
 b - a +0 scale mail (worn)
 c - a +1 shield (worn)
 g - a +0 pair of boots (worn)
 r - a +0 cloak (worn)
 u - a +0 helmet (worn)
 v - a +2 robe of magic resistance
Jewellery
 k - an amulet of magic regeneration (around neck)
Wands
 d - a wand of teleportation (2/9)
 n - a wand of flame (11/48)
 t - a wand of iceblast (8/15)
 w - a wand of polymorph (6/24)
Scrolls
 e - 2 scrolls of blinking
 i - 2 scrolls of remove curse
 m - 2 scrolls of magic mapping
 x - a scroll of teleportation
 y - a scroll of enchant armour
Potions
 p - 2 potions of brilliance
 q - a potion of flight
Comestibles
 f - 5 bread rations
 h - 2 meat rations
 l - a beef jerky
 o - a royal jelly


   Skills:
 + Level 6.3 Fighting
 + Level 10.8 Axes
 + Level 6.0 Armour
 - Level 2.0 Dodging
 + Level 5.7 Shields
 - Level 1.0 Evocations


You had 8 spell levels left.
You didn't know any spells.

Dungeon Overview and Level Annotations

Branches:
Dungeon (6/15)             Temple (0/1) D:6

Altars:
Elyvilon
Makhleb
Ru
Sif Muna
The Shining One


Innate Abilities, Weirdness & Mutations

You are dopey. (Int -2)
Your spells are a little easier to cast, but a little less powerful.
You expend magic power (3 MP) to strengthen your wands.


Message History

Evoke which item? (* to show all) (? for menu, Esc to quit)
Zapping:
n - a wand of flame (13/48)
Press: ? - help, Shift-Dir - straight line, f - orc warrior
Aim: an orc warrior, wielding a flail and wearing a chain mail (heavily wounded)
The puff of flame hits the orc warrior.
The orc warrior appears unharmed.
The orc warrior is heavily wounded.
This wand has 12 charges left.
The orc warrior hits you with a flail!
* * * LOW HITPOINT WARNING * * *
Evoke which item? (* to show all) (? for menu, Esc to quit)
Zapping:
n - a wand of flame (12/48)
Press: ? - help, Shift-Dir - straight line, f/p - orc warrior
Aim: an orc warrior, wielding a flail and wearing a chain mail (heavily wounded) Really fire in the non-hostile quokka's direction?
The puff of flame misses the orc warrior.
The puff of flame hits the quokka.
You kill the quokka!
This wand has 11 charges left.
The orc warrior zaps a wand.
The orc warrior seems to speed up.
It is a wand of hasting.
The orc warrior hits you with a flail!
You die...

######## #
##..o@..# #
###...###....o.
# #≈≈...≈≈#
###.. #
##≈..♣..≈## #
#.........# #
#...♣.r.♣...# #
#.....).....#
##
#.#≈..♣..≈#.#
#.
#.#≈≈...≈≈#...
##.


You could see 2 orc warriors.

Vanquished Creatures
  Sigmund (D:3)
  A hungry ghost (D:6)
  Edmund (D:4)
  Duvessa (D:5)
  2 necrophages (D:6)
  2 phantoms (D:4)
  2 ogres
  Blork the orc (D:5)
  Dowan (D:5)
  2 scorpions (D:4)
  A water moccasin skeleton (D:4)
  2 crimson imps (D:6)
  3 hounds
  An orc priest (D:4)
  5 orc wizards
  An iguana (D:4)
  3 worker ants (D:4)
  Robin (D:4)
  5 gnolls
  6 adders
  2 oozes
  An adder skeleton (D:4)
  3 worms
  3 leopard geckos
  6 orcs
  4 giant cockroaches
  10 goblins
  14 hobgoblins
  5 jackals
  9 quokkas
  4 ball pythons
  10 bats
  5 frilled lizards
  A jackal zombie (D:5)
  4 kobolds
  A leopard gecko zombie (D:6)
  4 rats (D:1)
  A plant (D:6)
129 creatures vanquished.

Vanquished Creatures (others)
  A plant (D:2)
1 creature vanquished.

Grand Total: 130 creatures vanquished

Notes
Turn   | Place    | Note
-------+----------+-------------------------------------------
     0 | D:1      | Rrauwl the Hill Orc Fighter began the quest for the Orb.
     0 | D:1      | Reached XP level 1. HP: 19/19 MP: 1/1
     2 | D:1      | Noticed a minotaur
     2 | D:1      | Noticed a demonspawn
     4 | D:1      | Noticed a draconian
     4 | D:1      | Noticed a gargoyle
     6 | D:1      | Noticed a vampire
     6 | D:1      | Noticed a felid
     8 | D:1      | Noticed a spriggan
     8 | D:1      | Noticed a demigod
    10 | D:1      | Noticed a centaur
    10 | D:1      | Noticed a merfolk
    12 | D:1      | Noticed a tengu
    14 | D:1      | Noticed an octopode
    14 | D:1      | Noticed a dwarf
    16 | D:1      | Noticed a ghoul
    16 | D:1      | Noticed a vine stalker
    18 | D:1      | Noticed a halfling
    18 | D:1      | Noticed an elf
    20 | D:1      | Noticed a human
    22 | D:1      | Noticed a naga
    24 | D:1      | Noticed a formicid
    26 | D:1      | Noticed a troll
    26 | D:1      | Noticed an ogre
    52 | D:1      | Reached skill level 3 in Axes
   238 | D:1      | Reached XP level 2. HP: 25/26 MP: 2/2
   331 | D:1      | Reached skill level 4 in Axes
   856 | D:1      | Reached XP level 3. HP: 31/31 MP: 3/3
  1193 | D:2      | Found a burning altar of Makhleb.
  1283 | D:2      | Reached skill level 5 in Axes
  1470 | D:2      | Found a deep blue altar of Sif Muna.
  1585 | D:2      | Reached XP level 4. HP: 34/39 MP: 4/4
  1989 | D:3      | Noticed Sigmund
  2008 | D:3      | Killed Sigmund
  2008 | D:3      | Reached skill level 8 in Axes
  2008 | D:3      | Reached XP level 5. HP: 8/45 MP: 5/5
  2008 | D:3      | Reached XP level 6. HP: 10/51 MP: 6/6
  2755 | D:3      | You fall through a shaft!
  2852 | D:4      | Noticed a phantom
  2905 | D:4      | Killed a phantom
  2905 | D:4      | Reached skill level 9 in Axes
  3068 | D:4      | Reached XP level 7. HP: 43/58 MP: 7/7
  3157 | D:4      | Noticed Edmund
  3160 | D:4      | Gained mutation: Your spells are a little easier to cast, but a little less powerful. [potion of mutation]
  3160 | D:4      | Gained mutation: You are dopey. (Int -2) [potion of mutation]
  3160 | D:4      | Gained mutation: You expend magic power (3 MP) to strengthen your wands. [potion of mutation]
  3205 | D:4      | Killed Edmund
  3408 | D:4      | Reached skill level 1 in Evocations
  3707 | D:4      | Reached skill level 1 in Dodging
  3944 | D:4      | Reached skill level 10 in Axes
  3944 | D:4      | Reached XP level 8. HP: 56/67 MP: 8/8
  4113 | D:4      | Found a glowing golden altar of the Shining One.
  4226 | D:4      | Noticed Robin
  4234 | D:4      | Killed Robin
  4234 | D:4      | Reached skill level 5 in Fighting
  4639 | D:5      | Entered Level 5 of the Dungeon
  4787 | D:5      | Noticed Duvessa
  4788 | D:5      | Noticed Dowan
  4809 | D:5      | Killed Duvessa
  4809 | D:5      | Reached skill level 5 in Armour
  4842 | D:5      | Killed Dowan
  5012 | D:5      | Noticed Blork the orc
  5029 | D:5      | Killed Blork the orc
  5029 | D:5      | Reached skill level 5 in Shields
  5181 | D:6      | Found a sacrificial altar of Ru.
  5279 | D:6      | Reached XP level 9. HP: 70/74 MP: 2/9
  5325 | D:6      | Found a staircase to the Ecumenical Temple.
  5375 | D:6      | Found a white marble altar of Elyvilon.
  5564 | D:6      | Slain by an orc warrior

Skill      XL: |  1  2  3  4  5  6  7  8  9 |
---------------+----------------------------+-----
Axes           | 3 4 5 8 9 10 | 10.8
Fighting       | 4 5 6 |  6.3
Evocations     | 1 |  1.0
Dodging        | 1 2 |  2.0
Armour         | 4 5 6 |  6.0
Shields        | 4 5 |  5.7

Action                   |  1- 3 |  4- 6 |  7- 9 || total
-------------------------+-------+-------+-------++-------
Melee: War axe           |   123 |   107 |   323 ||   553
Evoke: Wand              |       |     1 |    16 ||    17
  Use: Scroll            |     1 |     9 |     4 ||    14
       Potion            |     1 |     2 |     9 ||    12
 Stab: Distracted        |       |       |     1 ||     1
       Paralysed         |       |       |     1 ||     1
  Eat: Chunk             |     2 |     5 |     7 ||    14
       Beef jerky        |       |       |     2 ||     2
Armor: Scale mail        |    47 |    24 |    86 ||   157
       Skin              |       |       |     4 ||     4
Dodge: Dodged            |    32 |    25 |    55 ||   112
Block: Shield            |    44 |    46 |   104 ||   194
